 Dungeon Crawl Stone Soup version 0.32-a0-433-g08bcfe7efd (webtiles) character file.

Game seed: 8533588285096974036

33589 tilp the Covert (level 13, -3/108 HPs)
             Began as a Vampire Enchanter on Feb 22, 2024.
             Was a High Priest of Wu Jian.
             Slain by a yak (13 damage)
             ... on level 2 of the Lair of Beasts on Feb 23, 2024.
             The game lasted 00:27:54 (15722 turns).

tilp the Covert (Vampire Enchanter)                Turns: 15722, Time: 00:27:54

Health: -3/108     AC: 13    Str:  7    XL:     13   Next: 37%
Magic:  4/23       EV: 15    Int: 23    God:    Wu Jian [*****.]
Gold:   383        SH:  5    Dex: 14    Spells: 15/26 levels left

rFire   + . .        a - +9 dagger (elec)
rCold   . . .        u - orb {guile}
rNeg    + . .        k - +1 leather armour {rF+}
rPois   +            V - +0 hat {SInv}
rElec   .            x - +2 cloak
rCorr   .            K - +2 pair of gloves
SInv    +            f - +2 pair of boots
Will    .....        e - amulet of reflection
Stlth   +++++        s - ring of poison resistance
HPRegen 0.58/turn    A - ring of positive energy
MPRegen 0.18/turn

%: reflection
@: confusing by touch, healing quickly
A: alive, fangs 3, see invisible, vampiric 2
a: Exsanguinate, Renounce Religion, Wall Jump, Serpent's Lash, Heavenly Storm


You were on level 2 of the Lair of Beasts.
You worshipped Wu Jian.
Wu Jian was extremely pleased with you.
You visited 3 branches of the dungeon, and saw 14 of its levels.

You collected 1139 gold pieces.
You spent 756 gold pieces at shops.

Inventory:

Hand Weapons
 a - a +9 dagger of electrocution (weapon)
 b - a +2 quick blade of draining
 q - a +3 dagger
 t - a +2 scimitar
 F - a +0 dagger of flaming
 R - a +1 antimagic short sword
 S - a +4 dagger
Missiles
 j - 4 throwing nets {!f}
 n - 24 poisoned darts (quivered)
 z - 11 javelins
 H - a boomerang
 P - a curare-tipped dart {!f}
Armour
 f - a +2 pair of boots (worn)
 k - a +1 leather armour of fire resistance (worn)
 u - an orb of guile (worn)
 v - a +2 robe of cold resistance
 x - a +2 cloak (worn)
 K - a +2 pair of gloves (worn)
 L - a +2 ring mail of poison resistance
 N - a +1 robe of cold resistance
 V - a +0 hat of see invisible (worn)
Magical Staves
 B - a staff of death
Jewellery
 e - an amulet of reflection (around neck)
 s - a ring of poison resistance (left hand)
 y - a ring of fire
 A - a ring of positive energy (right hand)
 G - a ring of ice
 M - a ring of ice
 T - a +6 ring of strength
 U - a +6 ring of strength
Wands
 m - a wand of polymorph (13)
 J - a wand of digging (4)
Scrolls
 D - 3 scrolls of teleportation
 E - 2 scrolls of revelation
 I - a scroll of torment
 O - a scroll of brand weapon
 Q - 2 scrolls of identify
 W - a scroll of fog
Potions
 c - 2 potions of invisibility
 d - 3 potions of resistance
 g - 5 potions of curing
 h - 4 potions of lignification
 i - 2 potions of might
 l - 2 potions of attraction
 o - 2 potions of magic
 p - a potion of cancellation
 r - 2 potions of enlightenment
 w - a potion of ambrosia
 C - 5 potions of haste


   Skills:
 - Level 12.0 Fighting
 - Level 10.0 Short Blades
 + Level 9.7 Dodging
 - Level 12.0 Stealth
 - Level 7.0 Spellcasting
 - Level 4.0 Conjurations
 - Level 10.0 Hexes
 - Level 2.0 Ice Magic
 - Level 6.0 Evocations


You had 15 spell levels left.
You knew the following spells:

 Your Spells              Type           Power      Damage    Failure   Level
a - Ensorcelled Hibernat  Hex/Ice        70%        N/A       1%          2
b - Confusing Touch       Hex            52%        N/A       1%          3
c - Tukima's Dance        Hex            52%        N/A       1%          3
d - Dazzling Flash        Conj/Hex       80%        N/A       1%          3

Your spell library contained the following spells:

 Spells                   Type           Power      Damage    Failure   Level
 Cause Fear               Hex            26%        N/A       1%          4
 Sting                    Conj/Alch      68%        1d7       4%          1
 Inner Flame              Hex/Fire       31%        N/A       4%          3
 Necrotise                Necr           32%        1d5       12%         1
 Sandblast                Erth           16%        2d6       12%         1
 Anguish                  Hex/Necr       15%        N/A       14%         4
 Stone Arrow              Conj/Erth      34%        3d9       16%         3
 Cigotuvi's Dreadful Rot  Necr/Alch/Air  16%        N/A       17%         2
 Mercury Vapours          Alch/Air       16%        N/A       17%         2
 Passwall                 Erth           8%         N/A       34%         3
 Vampiric Draining        Necr           8%         2d6       34%         3
 Brom's Barrelling Bould  Conj/Erth      17%        2d4       45%         4
 Flame Wave               Conj/Fire      17%        2d7       45%         4
 Ignite Poison            Fire/Alch      8%         N/A       75%         4
 Martyr's Knell           Necr/Summ      8%         N/A       75%         4
 Olgreb's Toxic Radiance  Alch           8%         N/A       75%         4
 Sticky Flame             Fire/Alch      8%         2d4       75%         4
 Freezing Cloud           Conj/Ice/Air   8%         6-21      80%         5
 Irradiate                Conj/Alch      8%         3d14      80%         5
 Enfeeble                 Hex            26%        N/A       85%         7
 Curse of Agony           Necr           8%         N/A       97%         5
 Bombard                  Conj/Erth      8%         9d2       100%        6
 Ignition                 Fire           4%         3d4       100%        8
 Death's Door             Necr           Unusable   N/A       N/A         9

Dungeon Overview and Level Annotations

Branches:
Dungeon (11/15)            Temple (1/1) D:7            Lair (2/5) D:8
 Shoals (0/4) Lair:2          Orc (0/2) D:10
  Snake: Lair:2-3    Spider: Lair:2-3

Altars:
Ashenzari
Cheibriados
Dithmenos
Fedhas
Gozag
Hepliaklqana
Kikubaaqudgha
Makhleb
Nemelex Xobeh
Okawaru
Qazlal
Ru
Sif Muna
Trog
Uskayaw
Vehumet
Wu Jian
Xom
Yredelemnul

Shops:
D:11 :([(

Annotations:
D:7 3 runed translucent doors, Sapher's ghost, novice CoEE; Tenar's ghost, novice MDCA; bmj180's ghost, novice HuCj


Innate Abilities, Weirdness & Mutations

Your natural rate of healing is accelerated.
You have razor-sharp teeth.
You have supernaturally acute eyesight. (SInv)
You are afflicted with vampirism and can become a bat while bloodless.


Message History

Aim: a yak (chance to affect: 78%)
The yak looks drowsy...
The skyshark bites you.
The skyshark tastes blood and grows stronger!
The skyshark misses you. The skyshark tail-slaps you.
Unknown command.
The yak bellows!
You hit the skyshark but do no damage.
You hear a bellow! x2; You hear a trumpeting!
The skyshark bites you!!
The skyshark enters a blood-rage!
The skyshark tail-slaps you.
The skyshark tail-slaps you but does no damage.
The yak gores you but does no damage.
You hit the skyshark but do no damage.
Unknown command.
You hit the skyshark.
The skyshark is lightly wounded.
The skyshark completely misses you. The skyshark misses you.
The skyshark tail-slaps you but does no damage.
You hit the skyshark but do no damage.
The skyshark is lightly wounded.
The skyshark bites you!! The skyshark tail-slaps you!
The skyshark tail-slaps you.
Unknown command.
Casting: Ensorcelled Hibernation (safe; 1% risk of failure)
Confirm with . or Enter, or press ? or * to list all spells.
Your hands begin to glow red.
The skyshark bites you!!
* * * LOW HITPOINT WARNING * * *
The skyshark barely misses you. The skyshark closely misses you.
The yak misses you. The yak gores you but does no damage.
Unknown command.
You hit the skyshark but do no damage.
The skyshark is lightly wounded.
The skyshark bites you!
* * * LOW HITPOINT WARNING * * *
The skyshark tail-slaps you!
* * * LOW HITPOINT WARNING * * *
The skyshark tail-slaps you.
* * * LOW HITPOINT WARNING * * *
The yak gores you!
You die...

.....Y..Y# .........# #
.....YYY.. ###
.....Y...# #..
...Y...Y.# ###..
....Y.Y.. ####...#
.......Y####
######....###
........#@Y# #P#.#....##
........#YF###......#..#
........Y.........#.####
.......Y.......######
.......#.#.#.###
##############


You could see a skyshark (berserk) and 4 yaks.

Vanquished Creatures
  Gastronok (Lair:1)
  Erolcha (D:10)
  Fannar (D:10)
  A centaur warrior (D:10)
  2 two-headed ogres
  The ghost of Mll the Fighter, a novice MiFi of Okawaru (D:8)
  A boulder beetle (Lair:2)
  Urug (D:10)
  The ghost of nj0rd12 the Summoner, a novice GnSu of Ashenzari (D:6)
  A dancing weapon (D:10)
  Pikel (D:5)
  An ugly thing (D:11)
  A cyclops (D:8)
  A manticore (D:11)
  3 black mambas
  A gargoyle (D:11)
  3 cane toads
  Jeremiah (D:7)
  A komodo dragon (Lair:1)
  2 kobold demonologists (D:11)
  A troll (D:11)
  4 hornets (D:11)
  4 blink frogs (Lair:1)
  5 meliai zombies (D:11)
  2 shadows
  5 wraiths
  3 wyverns
  46 yaks
  8 vampires (D:11)
  4 basilisks
  2 steam dragons
  4 vampire mosquitoes (D:10)
  5 water moccasins
  Duvessa (D:5)
  2 elephant zombies (D:9)
  A swamp drake (D:10)
  6 orc warriors
  2 black bears
  A sky beast (D:8)
  10 centaurs
  6 wolves (Lair:1)
  3 ogres
  7 phantoms
  4 lemures (D:5)
  2 kobold brigands (D:11)
  10 bullfrogs
  2 scorpions (D:5)
  3 wights
  Dowan (D:5)
  18 killer bees
  7 howler monkeys
  An electric eel (Lair:1)
  6 centaur zombies
  Crazy Yiuf (D:5)
  3 hounds
  4 jellies
  A bombardier beetle (D:4)
  2 gnoll boudas
  3 orc priests
  Terence (D:2)
  8 orc wizards
  3 iguanas (D:5)
  A scorpion zombie (D:9)
  An ogre zombie (D:9)
  4 hound zombies (D:9)
  2 howler monkey zombies (D:9)
  8 gnolls
  15 adders
  9 river rats (D:5)
  2 shadow imps
  2 white imps
  An ufetubus (D:5)
  2 adder zombies (D:9)
  3 dart slugs
  5 ribbon worms
  35 orcs
  12 endoplasms
  3 giant cockroaches
  6 goblins
  12 hobgoblins
  4 jackals (D:1)
  5 quokkas (D:5)
  2 ball pythons
  5 bats
  3 frilled lizards
  11 kobolds
  17 rats
408 creatures vanquished.

Vanquished Creatures (collateral kills)
  A skeletal warrior (D:11)
  9 wights
10 creatures vanquished.

Vanquished Creatures (others)
  2 dancing weapons
2 creatures vanquished.

Grand Total: 420 creatures vanquished

Notes
Turn   | Place    | Note
-------+----------+-------------------------------------------
     0 | D:1      | tilp the Vampire Enchanter began the quest for the Orb.
     0 | D:1      | Reached XP level 1. HP: 13/13 MP: 3/3
    38 | D:1      | Found a faded altar of an unknown god.
   289 | D:1      | Reached XP level 2. HP: 20/20 MP: 5/5
   292 | D:1      | Learned a level 2 spell: Ensorcelled Hibernation
   551 | D:1      | Reached skill level 1 in Fighting
   568 | D:1      | Gained mutation: You are afflicted with vampirism and can
                  | become a bat while bloodless. [Vampire growth]
   568 | D:1      | Reached XP level 3. HP: 26/26 MP: 0/6
   572 | D:1      | Learned a level 3 spell: Confusing Touch
  1150 | D:2      | Reached XP level 4. HP: 32/32 MP: 2/7
  1251 | D:2      | Noticed Terence
  1265 | D:2      | Killed Terence
  1266 | D:2      | Reached skill level 5 in Stealth
  1266 | D:2      | Reached skill level 1 in Ice Magic
  1770 | D:3      | Reached XP level 5. HP: 38/38 MP: 8/8
  1847 | D:3      | Learned a level 3 spell: Tukima's Dance
  1857 | D:3      | Reached skill level 5 in Hexes
  3002 | D:4      | Noticed a phantom
  3018 | D:4      | Reached XP level 6. HP: 42/45 MP: 6/9
  3361 | D:5      | Entered Level 5 of the Dungeon
  3841 | D:5      | Reached XP level 7. HP: 52/52 MP: 8/11
  3891 | D:5      | Found a runed translucent door.
  3896 | D:5      | Learned a level 3 spell: Dazzling Flash
  3896 | D:5      | Noticed Crazy Yiuf
  3979 | D:5      | Noticed Pikel
  4220 | D:5      | Killed Pikel
  4221 | D:5      | Reached skill level 1 in Evocations
  4221 | D:5      | Reached XP level 8. HP: 50/60 MP: 7/12
  4402 | D:5      | Noticed Dowan
  4403 | D:5      | Noticed Duvessa
  4414 | D:5      | Killed Duvessa
  4415 | D:5      | Reached skill level 1 in Conjurations
  4460 | D:5      | Killed Dowan
  4480 | D:5      | Reached skill level 5 in Short Blades
  5213 | D:5      | Killed Crazy Yiuf
  5622 | D:6      | Found a runed translucent gate.
  5623 | D:6      | Found a runed translucent gate.
  5624 | D:6      | Found a runed translucent gate.
  5687 | D:6      | Noticed nj0rd12's ghost (novice GnSu)
  5854 | D:6      | Reached XP level 9. HP: 67/67 MP: 11/14
  6094 | D:6      | Reached skill level 5 in Fighting
  6467 | D:6      | Killed nj0rd12's ghost
  6644 | D:7      | Found a staircase to the Ecumenical Temple.
  6644 | D:7      | Noticed Jeremiah
  6845 | D:7      | Killed Jeremiah
  6924 | Temple   | Entered the Ecumenical Temple
  6944 | Temple   | Became a worshipper of the Wu Jian Council
  7140 | D:7      | Found a runed translucent gate.
  7144 | D:7      | Found a runed translucent gate.
  7145 | D:7      | Found a runed translucent gate.
  7146 | D:7      | Noticed Tenar's ghost (novice MDCA)
  7146 | D:7      | Noticed bmj180's ghost (novice HuCj)
  7226 | D:7      | Found a shimmering altar of Xom.
  7247 | D:7      | Noticed Sapher's ghost (novice CoEE)
  7561 | D:8      | Got the Volume of Damaging Blasphemous Magic
  7599 | D:8      | Noticed a cyclops
  7607 | D:8      | Killed a cyclops
  7608 | D:8      | Reached skill level 5 in Spellcasting
  7645 | D:8      | Reached XP level 10. HP: 72/76 MP: 12/17
  7818 | D:8      | Found a staircase to the Lair.
  7882 | D:8      | Identified the +1 whip of Oprogah {venom, Str+4}
  8010 | D:8      | Noticed Mll's ghost (novice MiFi)
  8014 | D:8      | Found a runed translucent door.
  8170 | D:8      | Reached skill level 10 in Stealth
  8631 | D:8      | Killed Mll's ghost
  8632 | D:8      | Reached skill level 10 in Short Blades
  8707 | D:9      | Found a stormy altar of Qazlal.
  9004 | D:9      | Found an ancient bone altar of Kikubaaqudgha.
  9182 | D:9      | Found a basalt altar of Yredelemnul.
  9192 | D:9      | Reached * piety under Wu Jian
  9507 | D:9      | Found a burning altar of Makhleb.
  9586 | D:9      | Found a radiant altar of Vehumet.
  9878 | D:9      | Found an opulent altar of Gozag.
  9947 | D:10     | Entered Level 10 of the Dungeon
  9956 | D:10     | Found a shadowy altar of Dithmenos.
 10012 | D:10     | Reached XP level 11. HP: 83/83 MP: 17/19
 10023 | D:10     | Reached skill level 5 in Dodging
 10166 | D:10     | Noticed a two-headed ogre
 10171 | D:10     | Killed a two-headed ogre
 10199 | D:10     | Reached ** piety under Wu Jian
 10245 | D:10     | Found a staircase to the Orcish Mines.
 10539 | D:10     | Noticed Erolcha
 10576 | D:10     | Killed Erolcha
 10691 | D:10     | Noticed Urug
 10710 | D:10     | Killed Urug
 10773 | D:10     | Noticed Fannar
 10782 | D:10     | Killed Fannar
 11086 | D:11     | Noticed a centaur warrior
 11105 | D:10     | Killed a centaur warrior
 11314 | D:11     | Reached skill level 10 in Hexes
 11589 | D:11     | Reached *** piety under Wu Jian
 11594 | D:11     | Reached XP level 12. HP: 79/94 MP: 17/22
 11633 | D:11     | Noticed a two-headed ogre
 11637 | D:11     | Killed a two-headed ogre
 11743 | D:11     | Found Soyhell's Weapon Boutique.
 11992 | D:11     | Reached skill level 10 in Fighting
 12152 | D:11     | Found Seinorch's Weapon Emporium.
 12176 | D:11     | Bought a +1 antimagic short sword for 288 gold pieces
 12233 | D:11     | Found Idghacre's Armour Shoppe.
 12373 | D:11     | Found Qafys's Book Shop.
 12770 | D:11     | Reached **** piety under Wu Jian
 13418 | D:11     | Reached skill level 5 in Evocations
 13995 | D:11     | Bought a book of Hexes for 468 gold pieces
 14075 | Lair:1   | Entered Level 1 of the Lair of Beasts
 14301 | Lair:1   | Noticed Gastronok
 14307 | Lair:1   | Killed Gastronok
 14374 | Lair:1   | Reached XP level 13. HP: 100/106 MP: 18/23
 14676 | Lair:1   | Reached ***** piety under Wu Jian
 15577 | Lair:2   | Found a staircase to the Shoals.
 15722 | Lair:2   | Slain by a yak

Illustrated notes

Levels and vault maps discovered:
D:1:      eino_arrival_water_cross, layout_basic,
          ebering_ecumenical_altar_sacrificial
D:2:      layout_loops_corners, uniq_terence
D:3:      layout_loops_cross, minmay_checkerbox
D:4:      layout_loops_ring, elyvilon_altar_5
D:5:      lemuel_ratsnest, layout_basic, uniq_crazy_yiuf_cottage, uniq_pikel,
          uniq_duvessa
D:6:      layout_gridville, ebering_ghost_rock_garden
D:7:      layout_basic, marbit_many_paths, kennysheep_little_box,
          minmay_temple_entry_statues_fountains, gammafunk_ghost_cemetery,
          nrook_mini_vaults, uniq_jeremiah
D:8:      layout_gridville, lair_entry_dummy, hellmonk_ghost_happy_afterlife,
          minmay_crossroads
D:9:      layout_gridville, kennysheep_mini, kennysheep_mini_moat,
          kiku_gazebo_garden_becter, nicolae_qazlal_style_of_elements,
          lightli_temple_of_fire, roadster_capsule_ark_zombie
D:10:     layout_small_grid, grunt_dithmenos_shadows, erik_orc_1, uniq_erolcha,
          uniq_urug, uniq_fannar
D:11:     bobbens_index_wilting_gardens, layout_basic, serial_shops,
          nicolae_shop_peninsula, nicolae_shop_window_shopping,
          nicolae_shop_tiny_statue_garden, nicolae_shop_bloodbath_and_beyond,
          nicolae_figureground_sparkle
Temple:   nicolae_temple_god_jail
Lair:1:   layout_cave_pods, chequers_serial_rivers_micro_e,
          serial_bayou_shore_a, grunt_megastairs_3, uniq_gastronok
Lair:2:   layout_hall_layers, minmay_shoals_entry_lonely_mermaid,
          alex1729_snake_entry_snake, st_stairs_11,
          grunt_forest_small_clearings, dreamdust_gnoll_shepherd,
          infiniplex_staircase_pool

Skill      XL: |  1  2  3  4  5  6  7  8  9 10 11 12 13 |
---------------+----------------------------------------+-----
Fighting       | 1 2 3 4 6 8 11 12 | 12.0
Short Blades   | 2 3 4 6 8 10 | 10.0
Stealth        | 5 6 7 9 10 12 | 12.0
Ice Magic      | 1 2 |  2.0
Hexes          | 5 6 7 8 10 | 10.0
Dodging        | 3 4 6 7 9 |  9.7
Spellcasting   | 3 5 6 7 |  7.0
Evocations     | 1 2 3 4 5 6 |  6.0
Conjurations   | 2 4 |  4.0

Action                     |  1- 3 |  4- 6 |  7- 9 | 10-12 | 13-15 || total
---------------------------+-------+-------+-------+-------+-------++-------
  Melee: Dagger            |    90 |   227 |   258 |   524 |   127 ||  1226
         Bite              |     6 |    21 |    33 |    73 |    12 ||   145
  Throw: Dart              |       |       |       |       |     1 ||     1
   Cast: Ensorcelled Hiber |    12 |    27 |    60 |    96 |    42 ||   237
         Confusing Touch   |       |     4 |     8 |    41 |     5 ||    58
         Tukima's Dance    |       |       |     2 |    11 |       ||    13
         Dazzling Flash    |       |       |       |     2 |     3 ||     5
Ability: Lunge             |       |       |     3 |    53 |    10 ||    66
         Whirlwind         |       |       |       |    15 |     9 ||    24
    Use: Scroll            |     3 |    10 |     8 |    13 |       ||    34
         Potion            |       |     1 |     2 |       |       ||     3
   Stab: Sleeping          |    14 |    27 |    48 |   108 |    33 ||   230
         Confused          |       |     4 |     6 |    34 |     2 ||    46
         Distracted        |       |       |     1 |     1 |       ||     2
         Invisible         |       |       |       |     2 |       ||     2
 Armour: Robe              |    45 |     6 |       |       |       ||    51
         Leather armour    |       |    67 |   107 |   301 |    97 ||   572
  Dodge: Dodged            |    44 |    69 |    91 |   248 |    65 ||   517
  Block: Other             |       |    24 |    29 |       |       ||    53

Table legend: (Time is in decaauts)
 A = Elapsed time spent in this place.
 B = Non-inter-level travel time spent in this place.
 C = Inter-level travel time spent in this place.
 D = Time resting spent in this place.
 E = Time spent auto-exploring this place.
 F = Levels seen in this place.
 G = Mean time per level.
                   A        B        C        D        E       F      G
               +--------+--------+--------+--------+--------+-----+--------+
         Total |  15301 |  14695 |    606 |   2179 |   9749 |  14 | 1092.9 |
       Dungeon |  13644 |  13095 |    549 |   2098 |   8542 |  11 | 1240.4 |
        Temple |     38 |      1 |     37 |      0 |      0 |   1 |   38.0 |
          Lair |   1617 |   1598 |     19 |     81 |   1207 |   2 |  808.5 |
               +--------+--------+--------+--------+--------+-----+--------+

Top non-repeatable levels by time:
    D:11: 2644 daAuts
     D:5: 1823 daAuts
  Lair:1: 1359 daAuts
    D:10: 1317 daAuts
     D:6: 1308 daAuts
     D:9: 1235 daAuts
     D:8: 1137 daAuts
     D:2: 974 daAuts
     D:4: 934 daAuts
     D:7: 839 daAuts
     D:1: 721 daAuts
     D:3: 708 daAuts
  Lair:2: 258 daAuts
  Temple: 38 daAuts
